 Dungeon Crawl Stone Soup version 0.29.1-2-gbd0b4ee654 (webtiles) character file.

Game seed: 13323227368531931426

4439 warriortoast the Covert (level 10, -29/44 HPs)
             Began as a Spriggan Enchanter on Nov 18, 2022.
             Was a Follower of Fedhas.
             Killed from afar by an acid dragon (34 damage)
             ... with a splash of acid
             ... on level 8 of the Dungeon.
             The game lasted 00:34:26 (13578 turns).

warriortoast the Covert (Spriggan Enchanter)       Turns: 13578, Time: 00:34:26

Health: -29/44     AC: -6    Str:  6    XL:     10   Next: 14%
Magic:  23/23      EV: 25    Int: 19    God:    Fedhas [*.....]
Gold:   104        SH:  0    Dex: 26    Spells: 17/25 levels left

rFire   . . .      SeeInvis +   a - +1 dagger (freeze)
rCold   . . .      Faith    .   (no shield)
rNeg    . . .      Spirit   .   b - +0 robe
rPois   +          Reflect  .   (helmet restricted)
rElec   +          Harm     .   (no cloak)
rCorr   .          Rampage  .   (gloves unavailable)
Will    +....                   (boots unavailable)
Stlth   +++++.....              (no amulet)
HPRegen 0.14/turn               y - +6 ring of dexterity
MPRegen 0.18/turn               C - ring of Eptukacs {*Corrode rElec rPois Dex+4}

@: corroded, very quick
A: very small, no large weapons, unfitting armour, see invisible, speed 3
a: Renounce Religion


You were on level 8 of the Dungeon.
You worshipped Fedhas.
Fedhas was aware of your devotion.
You visited 2 branches of the dungeon, and saw 9 of its levels.

You collected 388 gold pieces.
You spent 284 gold pieces at shops.

Inventory:

Hand Weapons
 a - a +1 dagger of freezing (weapon)
 e - a +0 sling
 q - a +1 dagger
Armour
 b - a +0 robe (worn)
 I - the +2 buckler of the Mackerel {Rampage Str-2 Int+4 Slay+2}
   (You found it on level 7 of the Dungeon)

   Str:       It affects your strength (-2).
   Int:       It affects your intelligence (+4).
   Slay:      It affects your accuracy & damage with ranged weapons and melee
   (+2).
   Rampage:   It bestows one free step when moving towards enemies.
Jewellery
 y - a +6 ring of dexterity (left hand)
 C - the ring of Eptukacs (right hand) {*Corrode rElec rPois Dex+4}
   (You found it on level 6 of the Dungeon)

   [ring of poison resistance]

   Dex:       It affects your dexterity (+4).
   rElec:     It insulates you from electricity.
   rPois:     It protects you from poison.
   *Corrode:  It may corrode you when you take damage.
Wands
 n - a wand of mindburst (12)
 r - a wand of roots (4)
 z - a wand of flame (13)
 G - a wand of digging (4)
Scrolls
 d - a scroll of blinking {unknown}
 f - 4 scrolls of amnesia
 g - 4 scrolls of teleportation {unknown}
 h - 4 scrolls of magic mapping
 i - 2 scrolls of noise {unknown}
 j - 2 scrolls of fear {unknown}
 s - 2 scrolls of enchant weapon {unknown}
 t - a scroll of vulnerability {unknown}
 w - a scroll of immolation {unknown}
 x - a scroll of brand weapon {unknown}
 D - a scroll of enchant armour
 E - a scroll of summoning {unknown}
 F - a scroll of poison {unknown}
 J - a scroll of identify
Potions
 c - 3 potions of invisibility
 k - 2 potions of haste
 l - a potion of mutation
 m - 2 potions of might
 o - 4 potions of curing
 p - 2 potions of heal wounds
 u - a potion of ambrosia
 v - 3 potions of flight
 A - a potion of attraction
 B - a potion of degeneration
 H - a potion of cancellation {unknown}
 K - a potion of lignification {unknown}


   Skills:
 - Level 5.0 Short Blades
 + Level 7.0 Ranged Weapons
 - Level 8.0 Dodging
 - Level 11.0 Stealth
 - Level 8.0 Spellcasting
 - Level 8.0 Hexes


You had 17 spell levels left.
You knew the following spells:

 Your Spells              Type           Power      Damage    Failure   Level
a - Ensorcelled Hibernat  Hex/Ice        44%        N/A       2%          2
b - Tukima's Dance        Hex            38%        N/A       1%          3
c - Confusing Touch       Hex            38%        N/A       1%          3

Your spell library contained the following spells:

 Spells                   Type           Power      Damage    Failure   Level
 Dazzling Flash           Conj/Hex       44%        N/A       5%          3
 Summon Guardian Golem    Hex/Summ       22%        N/A       5%          3
 Summon Small Mammal      Summ           28%        N/A       9%          1
 Call Canine Familiar     Summ           7%         N/A       26%         3
 Gell's Gravitas          Tloc           7%         N/A       26%         3
 Lesser Beckoning         Tloc           7%         N/A       26%         3
 Teleport Other           Tloc           7%         N/A       26%         3
 Chain Lightning          Conj/Air       3%         3d4       100%        9
 Fire Storm               Conj/Fire      3%         8d1       100%        9
 Shatter                  Erth           3%         3d7*      100%        9


Dungeon Overview and Level Annotations

Branches:
Dungeon (8/15)             Temple (1/1) D:6
   Lair: D:8-11

Altars:
Cheibriados
Dithmenos
Fedhas
Kikubaaqudgha
Okawaru
Ru
Sif Muna
Wu Jian
Xom
The Shining One

Shops:
D:5 (   D:6 ?

Annotations:
D:8 Gastronok


Innate Abilities, Weirdness & Mutations

You are very small and have problems with some larger weapons.
You are too small for most types of armour.
You have supernaturally acute eyesight. (SInv)
You cover ground extremely quickly. (Speed+++)


Message History

You kill the orc wizard!
Fedhas appreciates your contribution to the ecosystem.
Things that are here:
a +0 dagger; a +0 robe The helpless orc warrior fails to defend itself.
You perforate the orc warrior like a sieve!!!!
You freeze the orc warrior!
You kill the orc warrior!
Fedhas appreciates your contribution to the ecosystem.
Your life force feels restored.
Your Ranged Weapons skill increases to level 7!
The acid dragon roars!
The orc wizard shouts!
The orc wizard completely misses you.
Things that are here:
a +0 long sword; a +0 chain mail; an orc corpse You hit the acid dragon.
You freeze the acid dragon.
The acid dragon is lightly wounded.
The orc wizard closely misses you. The acid dragon barely misses you.
The acid dragon claws you but does no damage.
Casting: Ensorcelled Hibernation (safe; 2% risk of failure)
Confirm with . or Enter, or press ? or * to list all spells.
Your hands begin to glow red.
The acid dragon spits acid at you. The splash of acid hits you!!
Ouch! That really hurt!
The acid corrodes you! The orc wizard completely misses you.
Things that are here:
a +0 dagger; a +0 robe The orc wizard gestures wildly while chanting.
The orc wizard flickers and vanishes for a moment.
The acid dragon spits acid at you. The splash of acid hits you!
* * * LOW HITPOINT WARNING * * *
The acid corrodes you!
Your hands stop glowing.
The acid dragon spits acid at you. The splash of acid hits you!!
Ouch! That really hurt!
You die...
Fedhas appreciates your contribution to the ecosystem.

##.## #..# #.#
#..# ##..# #.#
##.## ##..## #.#
#..# ##..## #.#
#..# ##..## #.##
##D###..## #..##
#.....## #...#
#....## ##...
#....@## ####
###.
##).#...#####..#
#.
#).####........##
## #...##
########..## #
.....## ##..## #
###### ##..## #
##..#### #......
. ##......


You could see an acid dragon (catching breath).

Vanquished Creatures
  A two-headed ogre (D:8)
  Prince Ribbit (D:6)
  5 yaks (D:8)
  A steam dragon (D:6)
  The ghost of whiskeysaurus the Insei, an amateur OpTm (D:4)
  An ice beast (D:5)
  An orc warrior (D:8)
  2 ogres
  A phantom (D:6)
  5 bullfrogs (D:7)
  A scorpion (D:6)
  Blork the orc (D:5)
  3 necrophages
  3 wights
  5 killer bees (D:7)
  2 howler monkeys
  A centaur zombie (D:4)
  6 hounds
  Crazy Yiuf (D:5)
  2 bullfrog skeletons (D:4)
  3 orc priests
  A jelly (D:5)
  7 iguanas
  6 orc wizards
  5 gnolls
  17 adders
  2 river rats (D:6)
  4 shadow imps
  8 white imps
  7 worms
  3 dart slugs
  16 orcs
  3 endoplasms (D:1)
  3 giant cockroaches
  5 goblins
  6 hobgoblins
  8 jackals
  8 quokkas
  8 ball pythons
  7 bats
  4 frilled lizards
  10 kobolds
  7 rats
192 creatures vanquished.

Vanquished Creatures (others)
  A killer bee (D:7)
1 creature vanquished.

Grand Total: 193 creatures vanquished

Notes
Turn   | Place    | Note
-------+----------+-------------------------------------------
     0 | D:1      | warriortoast the Spriggan Enchanter began the quest for the
                  | Orb.
     0 | D:1      | Reached XP level 1. HP: 9/9 MP: 5/5
   581 | D:1      | Reached XP level 2. HP: 9/13 MP: 6/6
   584 | D:1      | Learned a level 2 spell: Ensorcelled Hibernation
   978 | D:1      | Found a faded altar of an unknown god.
  1383 | D:1      | Reached XP level 3. HP: 16/16 MP: 3/8
  1488 | D:2      | Reached skill level 5 in Stealth
  1968 | D:2      | Reached XP level 4. HP: 21/21 MP: 10/10
  3225 | D:3      | Reached XP level 5. HP: 16/24 MP: 8/11
  4117 | D:3      | Reached skill level 6 in Stealth
  4150 | D:3      | Learned a level 3 spell: Confusing Touch
  4154 | D:3      | Learned a level 3 spell: Tukima's Dance
  4254 | D:3      | Reached XP level 6. HP: 15/28 MP: 6/13
  4436 | D:3      | Reached skill level 1 in Ranged Weapons
  5458 | D:4      | Reached skill level 5 in Hexes
  5782 | D:4      | Found a runed translucent gate.
  5782 | D:4      | Found a runed translucent gate.
  5782 | D:4      | Found a runed translucent gate.
  5832 | D:4      | Noticed whiskeysaurus's ghost (amateur OpTm)
  6123 | D:4      | Reached XP level 7. HP: 27/32 MP: 11/14
  6390 | D:4      | Killed whiskeysaurus's ghost
  6391 | D:4      | Reached skill level 5 in Dodging
  6391 | D:4      | Reached skill level 7 in Stealth
  6497 | D:4      | Reached skill level 5 in Spellcasting
  7100 | D:4      | Found a sacrificial altar of Ru.
  7395 | D:5      | Entered Level 5 of the Dungeon
  7421 | D:5      | Reached XP level 8. HP: 36/36 MP: 11/16
  7731 | D:5      | Found Iphu's Weapon Boutique.
  7914 | D:5      | Found an ornate altar of the Wu Jian Council.
  7915 | D:5      | Noticed Blork the orc
  7922 | D:5      | Killed Blork the orc
  8259 | D:5      | Reached skill level 8 in Stealth
  8345 | D:5      | Found a runed translucent door.
  8346 | D:5      | Noticed Crazy Yiuf
  8440 | D:5      | Killed Crazy Yiuf
  8807 | D:6      | Noticed Prince Ribbit
  8814 | D:6      | Found a snail-covered altar of Cheibriados.
  8820 | D:6      | Killed Prince Ribbit
  8821 | D:6      | Reached skill level 5 in Short Blades
  9099 | D:6      | Identified the ring of Eptukacs {*Corrode rElec rPois
                  | Dex+4}
  9278 | D:6      | Found Axoebi's Magic Scroll Boutique.
  9281 | D:6      | Bought a scroll of magic mapping for 112 gold pieces
  9281 | D:6      | Bought a scroll of identify for 30 gold pieces
  9281 | D:6      | Bought a scroll of identify for 30 gold pieces
  9281 | D:6      | Bought a scroll of enchant armour for 112 gold pieces
  9804 | D:6      | Found a staircase to the Ecumenical Temple.
  9820 | Temple   | Entered the Ecumenical Temple
  9917 | Temple   | Became a worshipper of Fedhas Madash
 10468 | D:6      | Reached XP level 9. HP: 39/39 MP: 15/19
 10565 | D:6      | Reached skill level 9 in Stealth
 10671 | D:6      | Reached * piety under Fedhas
 11302 | D:7      | Identified the +2 buckler of the Mackerel {Rampage Str-2
                  | Int+4 Slay+2}
 11317 | D:7      | Identified the +5 quarterstaff of Havoc {vamp, Will++}
 11517 | D:7      | Found a glowing golden altar of the Shining One.
 11687 | D:7      | Found an ancient bone altar of Kikubaaqudgha.
 12432 | D:8      | Reached skill level 5 in Ranged Weapons
 12432 | D:8      | Reached skill level 10 in Stealth
 12679 | D:8      | Noticed a two-headed ogre
 12686 | D:8      | Killed a two-headed ogre
 12687 | D:8      | Reached skill level 11 in Stealth
 12687 | D:8      | Reached XP level 10. HP: 44/44 MP: 23/23
 13114 | D:8      | Noticed Gastronok
 13578 | D:8      | Killed from afar by an acid dragon

Illustrated notes

Levels and vault maps discovered:
D:1:      psy_arrival_fountain, layout_basic, basic_ecumenical_altar
D:2:      layout_loops_ring
D:3:      layout_basic
D:4:      layout_layer_cave, nicolae_ru_great_annihilating_truth,
          gammafunk_ghost_necromancy, minmay_vboxes
D:5:      layout_loops_ring, nzn_wu_jian_contemplation, serial_shops,
          nicolae_shop_bloodbath_and_beyond, uniq_crazy_yiuf_cottage,
          uniq_blork_the_orc
D:6:      layout_rooms, lemuel_doored_altar, minmay_temple_entry_poolview,
          lightli_sewer_entry_pipes, serial_shops, nicolae_shop_behind_doors,
          serial_demonic, serial_demonic_f, serial_demonic_g, serial_demonic_c,
          serial_demonic_e, serial_demonic_d, minmay_increasing_density,
          uniq_prince_ribbit1
D:7:      layout_loops_cross, nicolae_tso_carved_into_rock,
          mainiacjoe_overflow_surrounded_room, st_stairs_9,
          nicolae_fountain_basement
D:8:      layout_layer_cave, minivault_19, uniq_gastronok
Temple:   bh_familiar_temple

Skill      XL: |  1  2  3  4  5  6  7  8  9 10 |
---------------+-------------------------------+-----
Dodging        | 3 4 5 6 8 |  8.0
Spellcasting   | 3 4 5 6 8 |  8.0
Hexes          | 4 5 7 8 |  8.0
Stealth        | 5 6 7 8 11 | 11.0
Short Blades   | 2 3 4 5 |  5.0
Ranged Weapons | 1 2 4 6 7 |  7.0

Action                   |  1- 3 |  4- 6 |  7- 9 | 10-12 || total
-------------------------+-------+-------+-------+-------++-------
Melee: Dagger            |    66 |   131 |   336 |    14 ||   547
       Punch             |       |     2 |     3 |       ||     5
 Fire: Sling             |       |    51 |    17 |     3 ||    71
 Cast: Ensorcelled Hiber |     9 |    41 |    67 |       ||   117
       Confusing Touch   |       |     1 |    37 |     2 ||    40
       Tukima's Dance    |       |       |     1 |       ||     1
  Use: Scroll            |       |       |    10 |       ||    10
 Stab: Sleeping          |    14 |    33 |    55 |     2 ||   104
       Confused          |       |     1 |    26 |     1 ||    28
Armor: Robe              |    10 |    19 |    10 |     2 ||    41
Dodge: Dodged            |    55 |   143 |   244 |     8 ||   450
